 Dungeon Crawl Stone Soup version bcrawl-1.12.2 (webtiles) character file.

Game seed: 8273690195651249768

67 RedPan the Ruffian (level 3, -1/28 HPs)
             Began as a Draconian Transmuter on July 23, 2019.
             Was an Initiate of Yredelemnul.
             Slain by a gnoll
             ... wielding a +0 halberd
              (9 damage)
             ... on level 2 of the Dungeon.
             The game lasted 00:03:47 (2179 turns).

RedPan the Ruffian (Draconian Transmuter)           Turns: 2179, Time: 00:03:47

Health: -1/28      AC:  7    Str: 12    XL:     3   Next: 98%
Magic:  2/7        EV: 12    Int: 14    God:    Yredelemnul [......]
Gold:   117        SH:  0    Dex: 11    Spells: 1/7 levels left

rFire    . . .     SeeInvis .     - Unarmed
rCold    . . .     Gourm    .   (no shield)
rNeg     . . .     Faith    .   (armour unavailable)
rPois    .         Spirit   .   (helmet restricted)
rElec    .         Reflect  .   (no cloak)
rCorr    .         Harm     .   g - +1 pair of gloves
MR       .....                  (boots currently unavailable)
Stlth    +.........             (no amulet)
HPRegen  0.09/turn              (no ring)
MPRegen  0.10/turn              (no ring)

@: appendage
A: unfitting armour, talons 3, cold-blooded, AC +5
a: End Transformation, Renounce Religion


You were on level 2 of the Dungeon.
You worshipped Yredelemnul.
Yredelemnul was noncommittal.
You were not hungry.
You had grown temporary talons.
You visited 1 branch of the dungeon, and saw 2 of its levels.

You collected 117 gold pieces.

Inventory:

Missiles
 a - 60 arrows
Armour
 g - a +1 pair of gloves (worn)
Scrolls
 f - a scroll of enchant weapon {unknown}
 h - 2 scrolls of remove curse {unknown}
 j - 2 scrolls of magic mapping {unknown}
 k - 2 scrolls of fear {unknown}
 m - a scroll of teleportation {unknown}
Potions
 b - a potion of might {unknown}
 c - a potion of lignification
 e - a potion of magic {unknown}
 i - a potion of degeneration {unknown}
 l - a potion of curing {unknown}
Comestibles
 d - 4 rations {!d}


   Skills:
 - Level 1.1 Fighting
 - Level 1.7 Dodging
 + Level 3.7 Unarmed Combat
 + Level 2.8 Spellcasting
 + Level 2.9 Transmutations


You had one spell level left.
You knew the following spells:

 Your Spells              Type           Power        Failure   Level  Hunger
a - Beastly Appendage     Tmut           ##....       6%          1    #......
b - Sticks to Snakes      Tmut           ##......     10%         2    ###....
c - Spider Form           Tmut/Pois      #..          34%         3    ###....

Your spell library contained the following spells:

 Spells                   Type           Power        Failure   Level  Hunger
 Ice Form                 Ice/Tmut       #.......     75%         4    #####..
 Blade Hands              Tmut           ##........   87%         5    ######.


Dungeon Overview and Level Annotations

Branches:
Dungeon (2/12)

Altars:
Gozag
Yredelemnul


Innate Abilities, Weirdness & Mutations

Your plain brown scales are hard. (AC +5)
You cannot fit into any form of body armour.
You are cold-blooded and may be slowed by cold attacks.
You have claws for feet.


Message History

Confirm with . or Enter, or press ? or * to list all spells.
Your feet morph into talons.
The gnoll misses you. The jackal barely misses you.
Casting: Beastly Appendage (safe; 6% risk of failure)
Confirm with . or Enter, or press ? or * to list all spells.
You create a snake!
You now have arrows for 7 snakes.
The jackal barely misses you.
The gnoll hits you from afar with a +0 halberd.
Casting: Sticks to Snakes (safe; 10% risk of failure)
Confirm with . or Enter, or press ? or * to list all spells.
You create a snake!
You now have arrows for 6 snakes.
The jackal bites you.
The gnoll hits you from afar with a +0 halberd!
The jackal closely misses you.
You hit the jackal.
The jackal is moderately wounded.
The jackal bites you.
* * * LOW HITPOINT WARNING * * *
The gnoll hits you from afar with a +0 halberd!
You die...
Your body rises from the dead as a mindless zombie.

######..# #.÷###.....#
#)...>.## ######..##.....#
##.###### #..# ##..#.....# #..#
#.## ##g#.....# ######.### #.#
#.####### g..<...g.#### ##.#
#.# .###÷.##....#####..#
####.#####
.#...######.##.S..####..g.....#
...#######...)gh@S...#........#
##..###....#########..........#
##.....#### ###........#
###..## ########## ####


You could see a gnoll, a jackal and 2 friendly ball pythons.

Vanquished Creatures
  2 gnolls (D:2)
  A worm (D:2)
  A dart slug (D:1)
  2 leopard geckos (D:1)
  A giant cockroach (D:1)
  2 goblins (D:1)
  6 hobgoblins
  2 jackals (D:2)
  8 bats
  3 frilled lizards
  2 kobolds (D:1)
  A rat (D:2)
31 creatures vanquished.

Vanquished Creatures (collateral kills)
  A gnoll (D:2)
  A jackal (D:2)
2 creatures vanquished.

Grand Total: 33 creatures vanquished

Notes
Turn   | Place    | Note
-------+----------+-------------------------------------------
     0 | D:1      | RedPan the Draconian Transmuter began the quest for the
                  | Orb.
     0 | D:1      | Reached XP level 1. HP: 16/16 MP: 3/3
   304 | D:1      | Reached XP level 2. HP: 23/23 MP: 5/5
   816 | D:2      | Found a basalt altar of Yredelemnul.
   874 | D:2      | HP: 1/23 [gnoll/cursed -1 club (3)]
   875 | D:2      | Reached XP level 3. HP: 2/28 MP: 4/6
  1345 | D:2      | Learned a level 2 spell: Sticks to Snakes
  1349 | D:2      | Learned a level 3 spell: Spider Form
  1602 | D:2      | Became a worshipper of Yredelemnul the Dark
  1678 | D:2      | Found an opulent altar of Gozag.
  1729 | D:2      | Found a faded altar of an unknown god.
  1876 | D:2      | HP: 1/28 [jackal (2)]
  2179 | D:2      | Slain by a gnoll

Action                   || total
-------------------------++-------
Melee: Unarmed           ||   144
       Tailslap          ||    15
       Kick              ||    10
       Headbutt          ||     5
 Cast: Beastly Appendage ||    20
       Sticks to Snakes  ||     6
  Eat: Ration            ||     1
       Chunk             ||     1
Armor: Skin              ||    66
Dodge: Dodged            ||   107
